 Dungeon Crawl Stone Soup version 0.30-a0-618-gd6c86c23d0 (webtiles) character file.

Game seed: 10523889596987435800

970 Leeroy the Carver (level 8, -8/56 HPs)
             Began as a Merfolk Gladiator on Jan 9, 2023.
             Was an Initiate of Wu Jian.
             Mangled by initializr's ghost (16 damage)
             ... on level 5 of the Dungeon.
             The game lasted 00:06:14 (4896 turns).

Leeroy the Carver (Merfolk Gladiator)               Turns: 4896, Time: 00:06:14

Health: -8/56      AC:  6    Str: 16    XL:     8   Next: 16%
Magic:  3/8        EV: 15    Int:  7    God:    Wu Jian [......]
Gold:   256        SH:  0    Dex: 18    Spells: 7/7 levels left

rFire   . . .      SeeInvis .    a - +0 long sword
rCold   . . .      Faith    .    w - +4 buckler of the Monkey {Str+2}
rNeg    . . .      Spirit   .    b - +0 leather armour
rPois   .          Reflect  .    v - +1 hat {Will+}
rElec   .          Harm     .    (no cloak)
rCorr   .          Rampage  .    x - +0 pair of gloves
Will    +....                    n - +0 pair of boots
Stlth   +                        (no amulet)
HPRegen 0.29/turn                (no ring)
MPRegen 0.11/turn                (no ring)

@: confused, ambrosia-drunk
A: (nimble swimmer 2), mertail
a: Renounce Religion


You were on level 5 of the Dungeon.
You worshipped Wu Jian.
Wu Jian was noncommittal.
You visited 2 branches of the dungeon, and saw 6 of its levels.

You collected 256 gold pieces.

Inventory:

Hand Weapons
 a - a +0 long sword (weapon)
 h - a +3 dagger
 r - a +0 rapier
 z - a +1 short sword of speed
 C - a +0 dagger of draining
 E - a +1 dagger of venom
 K - the +16 obsidian axe {drain, Mesm Drain Fly SInv}
   (You found it on level 5 of the Dungeon)

   It occasionally summons demons to assist the wielder when it strikes in
   combat.
   Its wielder is mesmerised by any visible foes.
   It cannot be unequipped while any foes are visible.
   SInv:      It lets you see invisible.
   Fly:       It grants you flight.
   Drain:     It drains your maximum health when unequipped.
Missiles
 d - 2 throwing nets (quivered)
 e - a javelin
 D - 5 poisoned darts
Armour
 b - a +0 leather armour (worn)
 c - a +0 helmet
 n - a +0 pair of boots (worn)
 v - a +1 hat of willpower (worn)
 w - the +4 buckler of the Monkey (worn) {Str+2}
   (You took it off a goblin on level 3 of the Dungeon)

   Str:       It affects your strength (+2).
 x - a +0 pair of gloves (worn)
Jewellery
 j - an amulet of faith
Wands
 B - a wand of paralysis (16)
Scrolls
 f - a scroll of teleportation {unknown}
 g - a scroll of magic mapping {unknown}
 m - a scroll of blinking {unknown}
 s - a scroll of fear {unknown}
 t - a scroll of enchant armour {unknown}
 u - a scroll of torment {unknown}
 y - a scroll of noise {unknown}
 A - 2 scrolls of identify {unknown}
 G - 3 scrolls of immolation {unknown}
 I - a scroll of poison {unknown}
Potions
 i - 2 potions of haste {unknown}
 k - 2 potions of lignification {unknown}
 l - 3 potions of heal wounds {unknown}
 o - 2 potions of attraction {unknown}
 p - 2 potions of curing {unknown}
 q - 2 potions of cancellation {unknown}
 F - a potion of berserk rage {unknown}
 J - a potion of invisibility {unknown}


   Skills:
 - Level 2.1 Fighting
 + Level 10.3 Long Blades
 - Level 2.0 Throwing
 + Level 6.8 Dodging
 - Level 1.0 Stealth


You had 7 spell levels left.
You didn't know any spells.
Your spell library was empty.

Dungeon Overview and Level Annotations

Branches:
Dungeon (5/15)             Temple (1/1) D:5

Altars:
Cheibriados
Dithmenos
Fedhas
Gozag
Hepliaklqana
Kikubaaqudgha
Makhleb
Nemelex Xobeh
Okawaru
Qazlal
Ru
Sif Muna
Trog
Vehumet
Wu Jian
Yredelemnul
Zin
The Shining One

Shops:
D:3 **?(   D:4 *   D:5 !

Annotations:
D:5 initializr's ghost, novice GrFi


Innate Abilities, Weirdness & Mutations

((You are very nimble when in or above water. (Stealth+, EV+, Speed+++)))
Your lower body shifts to a powerful aquatic tail in water.


Message History

You feel your power leaking away.
Okay, then.
You hit initializr's ghost but do no damage.
Initializr's ghost is lightly damaged.
You block initializr's ghost's attack.
You closely miss initializr's ghost.
Initializr's ghost is lightly damaged.
Initializr's ghost closely misses you.
You hit initializr's ghost.
Initializr's ghost is lightly damaged.
Initializr's ghost hits you!
You feel your power leaking away.
You hit initializr's ghost but do no damage.
Initializr's ghost is lightly damaged.
Initializr's ghost hits you.
You feel your power leaking away.
You hit initializr's ghost.
Initializr's ghost is lightly damaged.
Initializr's ghost hits you but does no damage.
You are confused.
You feel invigorated. Initializr's ghost hits you.
You feel your power leaking away.
You hit initializr's ghost but do no damage.
Initializr's ghost is lightly damaged.
Initializr's ghost hits you!
You feel your power leaking away.
You bump into the rock wall.
Initializr's ghost hits you!
You feel your power leaking away.
You bump into the rock wall.
Initializr's ghost hits you!!
* * * LOW HITPOINT WARNING * * *
You feel your power leaking away.
You hit initializr's ghost but do no damage.
Initializr's ghost is lightly damaged.
You're too confused to move!
Initializr's ghost hits you!
* * * LOW HITPOINT WARNING * * *
You feel your power leaking away.
You are too confused!
Initializr's ghost attacks as you move away!
Initializr's ghost hits you!
You die...

....###.#...## #.##..### ##
.....##...#..# #.##..## ##.
......#.#....########.##...####..
......'...#...................+..
......#.#......#########...####..
.†...##...#....# ###..## ##.
....###(#...#..# #...## ## ...##
#...#.#..#######.### # #'##
#.#...#..#@....#.# #.#
#..........W.....# #.#
#######....#'#...#####
#.###########...##.##......#
......<........##...##.....### #
....########..##.....##......####
...## #..#⌠.?♣!.⌠#....#...). ...#
#..##.....##..#.###### #.##
#...##...##...#.#


You could see initializr's ghost.

Vanquished Creatures
  A black bear (D:4)
  An ogre (D:4)
  A phantom (D:5)
  3 scorpions
  2 jellies
  4 hounds
  5 iguanas
  An orc wizard (D:4)
  Terence (D:3)
  Robin (D:3)
  3 gnolls (D:5)
  5 adders
  A shadow imp (D:5)
  A worm (D:4)
  3 dart slugs
  4 orcs
  3 endoplasms
  8 giant cockroaches
  19 goblins
  12 hobgoblins
  4 quokkas
  6 ball pythons
  5 bats
  4 frilled lizards
  7 kobolds
  8 rats
113 creatures vanquished.

Notes
Turn   | Place    | Note
-------+----------+-------------------------------------------
     0 | D:1      | Leeroy the Merfolk Gladiator began the quest for the Orb.
     0 | D:1      | Reached XP level 1. HP: 16/16 MP: 1/1
   228 | D:1      | Reached skill level 4 in Long Blades
   253 | D:1      | Reached XP level 2. HP: 21/22 MP: 2/2
   996 | D:2      | Reached XP level 3. HP: 27/27 MP: 3/3
  1247 | D:2      | Found a snail-covered altar of Cheibriados.
  1635 | D:2      | Reached skill level 5 in Long Blades
  1693 | D:2      | Reached XP level 4. HP: 26/33 MP: 4/4
  1884 | D:3      | Found Zotwite's General Store.
  1909 | D:3      | Found a shimmering blue altar of Sif Muna.
  1916 | D:3      | Reached skill level 5 in Dodging
  1931 | D:3      | Found a glowing golden altar of the Shining One.
  1974 | D:3      | Found Calom's Assorted Antiques.
  1985 | D:3      | Found Rebeusku's Magic Scroll Boutique.
  2020 | D:3      | Found Ateop's Weapon Shop.
  2036 | D:3      | Found a radiant altar of Vehumet.
  2135 | D:3      | Identified the +4 buckler of the Monkey {Str+2}
  2138 | D:3      | Noticed Robin
  2177 | D:3      | Killed Robin
  2388 | D:3      | Noticed Terence
  2390 | D:3      | Found a bloodstained altar of Trog.
  2409 | D:3      | Killed Terence
  2410 | D:3      | Reached skill level 1 in Stealth
  2410 | D:3      | Reached XP level 5. HP: 22/38 MP: 5/5
  2634 | D:3      | Reached skill level 6 in Long Blades
  2964 | D:4      | Reached XP level 6. HP: 44/44 MP: 6/6
  2965 | D:4      | Noticed a black bear
  2988 | D:4      | Killed a black bear
  2989 | D:4      | Reached skill level 7 in Long Blades
  3006 | D:4      | Reached skill level 8 in Long Blades
  3012 | D:4      | Reached XP level 7. HP: 20/50 MP: 7/7
  3469 | D:4      | Found Zin's Purification Station.
  3472 | D:4      | Found a glowing silver altar of Zin.
  3719 | D:5      | Entered Level 5 of the Dungeon
  3740 | D:5      | Noticed initializr's ghost (novice GrFi)
  3743 | D:5      | Found a runed translucent door.
  3829 | D:5      | Reached skill level 9 in Long Blades
  3936 | D:5      | Found a staircase to the Ecumenical Temple.
  4214 | D:5      | Found Efrytoun's Distillery.
  4512 | D:5      | Reached XP level 8. HP: 52/56 MP: 8/8
  4547 | D:5      | Reached skill level 10 in Long Blades
  4556 | Temple   | Entered the Ecumenical Temple
  4647 | Temple   | Became a worshipper of the Wu Jian Council
  4802 | D:5      | Found the +16 obsidian axe {drain, Mesm Drain Fly SInv}
  4896 | D:5      | Mangled by initializr's ghost

Illustrated notes

Levels and vault maps discovered:
D:1:      lightli_arrival_flooded_house, layout_basic
D:2:      layout_basic, basic_altar, minmay_tromino_i2
D:3:      cheibrodos_greedy_goblins, layout_loops_ring,
          mainiacjoe_overflow_brackets, lemuel_round_altar,
          nicolae_overflow_squiral, serial_shops,
          nicolae_shop_bloodbath_and_beyond, shop, shop, shop, kennysheep_nub,
          uniq_terence, uniq_robin
D:4:      layout_rooms, zin_purify, gup_sewer_entry_spiral
D:5:      layout_loops_corners, minmay_temple_entry_tees, serial_shops,
          nicolae_shop_hallway_plus, hellmonk_ghost_happy_afterlife,
          minmay_misc_feat_pillars
Temple:   compressed_dpeg_triangle_lava_temple

Skill      XL: |  1  2  3  4  5  6  7  8 |
---------------+-------------------------+-----
Long Blades    | 4 5 6 8 9 10 | 10.3
Dodging        | 5 6 |  6.8
Stealth        | 1 |  1.0
Fighting       | |  2.1
Throwing       | |  2.0

Action                   |  1- 3 |  4- 6 |  7- 9 || total
-------------------------+-------+-------+-------++-------
Melee: Long sword        |    91 |   148 |   112 ||   351
       Dagger            |       |     8 |       ||     8
       Tailslap          |       |       |     1 ||     1
Throw: Throwing net      |       |     1 |       ||     1
Invok: Lunge             |       |       |     1 ||     1
  Use: Potion            |       |     2 |     1 ||     3
 Stab: Sleeping          |     1 |     2 |     8 ||    11
Armor: Leather armour    |    27 |    44 |     7 ||    78
Dodge: Dodged            |    62 |   105 |    52 ||   219
Block: Buckler           |       |    29 |    27 ||    56

Table legend: (Time is in decaauts)
 A = Elapsed time spent in this place.
 B = Non-inter-level travel time spent in this place.
 C = Inter-level travel time spent in this place.
 D = Time resting spent in this place.
 E = Time spent auto-exploring this place.
 F = Levels seen in this place.
 G = Mean time per level.
                   A        B        C        D        E       F      G
               +--------+--------+--------+--------+--------+-----+--------+
         Total |   4896 |   4592 |    304 |      0 |   3752 |   6 |  816.0 |
       Dungeon |   4796 |   4515 |    281 |      0 |   3679 |   5 |  959.2 |
        Temple |     99 |     76 |     23 |      0 |     73 |   1 |   99.0 |
               +--------+--------+--------+--------+--------+-----+--------+

Top non-repeatable levels by time:
     D:5: 1074 daAuts
     D:3: 992 daAuts
     D:2: 959 daAuts
     D:1: 941 daAuts
     D:4: 828 daAuts
  Temple: 99 daAuts
